[Event "Titled Tuesday Blitz August 02 Early 2022"]
[White "Nitish Belurkar"]
[Black "Vasquez Schroeder, Rodrigo"]
[WhiteFideId "5084768"]
[BlackFideId "3400042"]
[WhiteElo "2306"]
[BlackElo "2567"]
[Result "0-1"]
[Round "03"]
[TimeControl "180+1"]
[Date "2022.08.02"]
[WhiteClock "0:01:04"]
[BlackClock "0:01:17"]

1. d4 d5 2. Nf3 Nf6 3. e3 c5 4. c4 cxd4 5. Nxd4 e5 6. Nf3 Nc6 7. cxd5 Qxd5 8. Qxd5 Nxd5 9. Bc4 Ndb4 10. Na3 Bf5 11. Bd2 Nd3+ 12. Ke2 Nxb2 13. Nb5 Nxc4 14. Nc7+ Kd7 15. Nxa8 Bd6 16. Rac1 Nxd2 17. Nxd2 Rxa8 18. Rhd1 Ke7 19. Nc4 Bc7 20. f3 Rd8 21. Rxd8 Bxd8 22. Rd1 Bc7 23. a3 Be6 24. Nd2 f5 25. Rb1 b6 26. Rc1 Kd7 27. Rd1 Bd6 28. Nb1 Bb3 29. Rd2 Ke6 30. Rb2 Bc4+ 31. Kf2 e4 32. Rc2 b5 33. h3 Ne5 34. a4 Bd3 35. Rb2 bxa4 36. Nc3 a3 37. Rb7 Bc5 38. f4 Nc4 39. Rxg7 Bxe3+ 40. Kg3 Bd4 0-1


[Site "https://www.chess.com"]

[Event "Titled Tuesday Blitz August 02 Early 2022"]
[White "Olivares Olivares, Claudio"]
[Black "Lobanov, Sergei"]
[WhiteFideId "3400786"]
[BlackFideId "24183750"]
[WhiteElo "2249"]
[BlackElo "2524"]
[Result "0-1"]
[Round "03"]
[TimeControl "180+1"]
[Date "2022.08.02"]
[WhiteClock "0:00:06"]
[BlackClock "0:00:12"]

1. e4 e5 2. Nf3 Nc6 3. Bb5 a6 4. Ba4 Bc5 5. d3 Nge7 6. O-O O-O 7. c3 Ba7 8. Bb3 d6 9. a4 h6 10. Nbd2 Kh8 11. Nh4 Ng6 12. Nxg6+ fxg6 13. Nc4 g5 14. Be3 Bd7 15. Bxa7 Rxa7 16. Ne3 Ne7 17. Qh5 Ra8 18. Bf7 Kh7 19. Ba2 Ng6 20. g3 Qe8 21. a5 Nh4 22. Qxe8 Nf3+ 23. Kg2 Raxe8 24. Nd5 c6 25. Nb6 Bg4 26. h3 Be6 27. Bxe6 Rxe6 28. Nc4 d5 29. Ne3 dxe4 30. dxe4 Nd2 31. Rfd1 Nxe4 32. f3 Nd6 33. Rd2 h5 34. Rad1 Nf5 35. Nxf5 Rxf5 36. Rd7 Ref6 37. Rxb7 Rxf3 38. Rd2 e4 39. Re2 e3 40. Rb6 Rf2+ 41. Rxf2 Rxf2+ 42. Kg1 Rf3 43. Kg2 Rf2+ 44. Kg1 Rc2 45. g4 Rc1+ 46. Kg2 e2 0-1


[Site "https://www.chess.com"]

[Event "Titled Tuesday Blitz August 02 Early 2022"]
[White "Papasimakopoulos, Alexandros"]
[Black "Makarian, Rudik"]
[WhiteFideId "4244125"]
[BlackFideId "44105681"]
[WhiteElo "2340"]
[BlackElo "2403"]
[Result "0-1"]
[Round "03"]
[TimeControl "180+1"]
[Date "2022.08.02"]
[WhiteClock "0:00:59"]
[BlackClock "0:00:38"]

1. d4 Nf6 2. c4 c5 3. d5 g6 4. Nc3 Bg7 5. e4 d6 6. Bd3 O-O 7. h3 e6 8. Nf3 exd5 9. exd5 Re8+ 10. Be3 Rxe3+ 11. fxe3 Qe7 12. Qd2 Nbd7 13. O-O Ne5 14. Nxe5 Qxe5 15. Qf2 Qe7 16. Qf4 Bd7 17. Ne4 Nxe4 18. Qxe4 Qxe4 19. Bxe4 Re8 20. Bf3 b5 21. cxb5 Bxb5 22. Rfe1 Bd3 23. Rad1 Bf5 24. e4 Bd7 25. b3 a5 26. Kf2 Be5 27. Be2 h5 28. a4 Rb8 29. Bc4 Kg7 30. Kf3 g5 31. Bb5 Bxb5 32. axb5 Rxb5 33. Rd3 Rb4 34. Rc1 a4 35. bxa4 Rxa4 36. g4 h4 37. Rc2 Ra1 38. Kg2 Re1 39. Rc4 Re2+ 40. Kf1 Rh2 41. Kg1 Ra2 42. Rf3 Kg6 43. Kf1 Ra1+ 44. Kg2 Re1 45. Rf5 Bd4 46. Kf3 Re3+ 47. Kg2 Rxe4 48. Ra4 Re2+ 49. Kh1 Be5 50. Ra6 f6 51. Rf3 c4 52. Rfa3 c3 53. Rc6 Rh2+ 54. Kg1 Rxh3 55. Ra7 Rg3+ 56. Kf2 Rxg4 57. Rc8 0-1


[Site "https://www.chess.com"]

[Event "Titled Tuesday Blitz August 02 Early 2022"]
[White "Petrovic, Aleksa"]
[Black "Shipov, Sergei"]
[WhiteFideId "967629"]
[BlackFideId "4113624"]
[WhiteElo "2185"]
[BlackElo "2783"]
[Result "0-1"]
[Round "03"]
[TimeControl "180+1"]
[Date "2022.08.02"]
[WhiteClock "0:00:02"]
[BlackClock "0:00:42"]

1. d4 d5 2. c4 dxc4 3. e3 e6 4. Bxc4 c5 5. Nf3 Nf6 6. O-O Nc6 7. Qe2 a6 8. a4 cxd4 9. Rd1 Be7 10. exd4 O-O 11. Nc3 Nb4 12. Bg5 Re8 13. Ne5 Bd7 14. Qf3 Bc6 15. Qh3 Nfd5 16. Bd2 Bf8 17. Ne4 Nf4 18. Bxf4 Bxe4 19. Ra3 Nd5 20. Bxd5 Qxd5 21. Rg3 f6 22. Ng4 Kh8 23. Qh4 Be7 24. Nh6 gxh6 25. Qxh6 Rg8 26. Rc1 Rxg3 27. hxg3 Rg8 28. Rc7 Qd8 29. Qh4 Bc6 30. Be5 Rg6 31. Bf4 Qd5 32. Rc8+ Rg8 33. Rc7 Qxg2# 0-1


[Site "https://www.chess.com"]

[Event "Titled Tuesday Blitz August 02 Early 2022"]
[White "Pranav Anand"]
[Black "Taboas Rodriguez, Daniel"]
[WhiteFideId "46626786"]
[BlackFideId "2208466"]
[WhiteElo "2259"]
[BlackElo "2429"]
[Result "1-0"]
[Round "03"]
[TimeControl "180+1"]
[Date "2022.08.02"]
[WhiteClock "0:00:47"]
[BlackClock "0:00:02"]

1. Nf3 Nf6 2. g3 b6 3. Bg2 Bb7 4. O-O g6 5. c4 Bg7 6. Nc3 O-O 7. d3 c5 8. e4 Nc6 9. Bf4 e6 10. Bd6 Re8 11. Nb5 Rc8 12. e5 Ng4 13. Re1 a6 14. Nc3 f6 15. h3 Ngxe5 16. Nxe5 fxe5 17. a3 Ba8 18. b4 Nd4 19. Bxa8 Rxa8 20. Kg2 Qc8 21. Ne4 Qc6 22. bxc5 bxc5 23. Rc1 Rf8 24. Bxc5 Rf5 25. Bxd4 exd4 26. c5 Raf8 27. Kg1 h5 28. h4 Bh6 29. Rc2 Rf3 30. Rce2 Qd5 31. Qc2 Qf5 32. Qc4 Be3 33. fxe3 Qh3 34. Rg2 dxe3 35. Qc1 Rf2 36. Nxf2 exf2+ 37. Rxf2 Qxg3+ 38. Rg2 Qxh4 39. Rxg6+ Kf7 40. Rg2 Ke8 41. Qe3 Rf5 42. c6 1-0


[Site "https://www.chess.com"]

[Event "Titled Tuesday Blitz August 02 Early 2022"]
[White "Rasulov, Vugar"]
[Black "Trost, Edvin"]
[WhiteFideId "13402390"]
[BlackFideId "1729519"]
[WhiteElo "2523"]
[BlackElo "2225"]
[Result "1-0"]
[Round "03"]
[TimeControl "180+1"]
[Date "2022.08.02"]
[WhiteClock "0:02:33"]
[BlackClock "0:01:26"]

1. d4 d5 2. c4 e6 3. Nf3 Nf6 4. Nc3 c6 5. Bg5 dxc4 6. e4 b5 7. e5 h6 8. Bh4 g5 9. Nxg5 hxg5 10. Bxg5 Nbd7 11. g3 Bb7 12. Bg2 Qb6 13. exf6 O-O-O 14. O-O c5 15. d5 b4 16. Rb1 bxc3 17. bxc3 Qa6 18. Rxb7 Qxb7 19. dxe6 Qb6 20. e7 Bxe7 21. fxe7 Rde8 22. Qd5 f6 23. Bf4 Ne5 24. Bxe5 fxe5 25. Qxe5 Qc7 26. Qe6+ Qd7 27. Qa6+ Kc7 28. Qxa7+ Kc8 29. Qa8+ Kc7 30. Qb7+ 1-0


[Site "https://www.chess.com"]

[Event "Titled Tuesday Blitz August 02 Early 2022"]
[White "Saydaliev, Saidakbar"]
[Black "Shimanov, Aleksandr"]
[WhiteFideId "14203693"]
[BlackFideId "4198603"]
[WhiteElo "2265"]
[BlackElo "2605"]
[Result "1/2-1/2"]
[Round "03"]
[TimeControl "180+1"]
[Date "2022.08.02"]
[WhiteClock "0:00:17"]
[BlackClock "0:00:06"]

1. e4 d5 2. exd5 Qxd5 3. Nc3 Qe5+ 4. Be2 Bg4 5. d4 Bxe2 6. Ngxe2 Qa5 7. O-O Nf6 8. d5 c6 9. Nf4 cxd5 10. Nfxd5 Nxd5 11. Qxd5 Qxd5 12. Nxd5 Na6 13. Be3 e6 14. Nf4 Bc5 15. Bxc5 Nxc5 16. Rfd1 Rc8 17. a4 Ke7 18. f3 Rhd8 19. b3 Rxd1+ 20. Rxd1 Na6 21. Rd2 Nb4 22. c4 a5 23. Kf2 Na6 24. Nd3 Rd8 25. Ke3 b6 26. Ne5 Rxd2 27. Kxd2 f6 28. Nd3 Kd6 29. Kc3 Nc5 30. Nb2 e5 31. b4 axb4+ 32. Kxb4 Kc6 33. a5 bxa5+ 34. Kxa5 Ne6 35. Kb4 Nf4 36. g3 Ne2 37. Nd1 Nd4 38. f4 exf4 39. gxf4 h5 40. Ne3 h4 41. h3 Ne2 42. Nf5 g5 43. fxg5 fxg5 44. Nh6 Nf4 45. Kc3 Nxh3 46. Kd4 Nf4 47. Ke4 h3 48. Ng4 Kc5 49. Kf5 Kxc4 50. Kxg5 Ng2 51. Nh2 Kd3 52. Kg4 Ke3 53. Kxh3 1/2-1/2


[Site "https://www.chess.com"]

[Event "Titled Tuesday Blitz August 02 Early 2022"]
[White "Seemann, Jakub"]
[Black "Vakhlamov, Igor L."]
[WhiteFideId "21874697"]
[BlackFideId "24126748"]
[WhiteElo "2033"]
[BlackElo "2401"]
[Result "0-1"]
[Round "03"]
[TimeControl "180+1"]
[Date "2022.08.02"]
[WhiteClock "0:01:08"]
[BlackClock "0:01:44"]

1. e4 c5 2. Nf3 Nc6 3. Bb5 Nf6 4. Nc3 Qc7 5. O-O Nd4 6. e5 Nxf3+ 7. Qxf3 Qxe5 8. Re1 Qxe1+ 9. Bf1 e6 10. Ne2 Bd6 11. g3 O-O 12. b3 Rb8 13. Qd3 Be5 14. c3 Ng4 15. Qf3 f5 16. h3 Qxf2+ 17. Qxf2 Nxf2 18. Kxf2 b6 19. d4 cxd4 20. cxd4 Bd6 21. Bf4 Bxf4 22. Nxf4 Bb7 23. Bc4 g5 24. Ne2 Rbc8 25. Bd3 Be4 26. Bxe4 fxe4+ 27. Ke3 d5 28. g4 Rc2 0-1


[Site "https://www.chess.com"]

[Event "Titled Tuesday Blitz August 02 Early 2022"]
[White "Sevian, Samuel"]
[Black "Large, Peter G"]
[WhiteFideId "2040506"]
[BlackFideId "400866"]
[WhiteElo "2692"]
[BlackElo "2064"]
[Result "1-0"]
[Round "03"]
[TimeControl "180+1"]
[Date "2022.08.02"]
[WhiteClock "0:02:20"]
[BlackClock "0:00:11"]

1. d4 e6 2. g3 Nf6 3. Bg2 d5 4. Nf3 Be7 5. c4 O-O 6. O-O b6 7. cxd5 exd5 8. Nc3 Bb7 9. Bf4 Na6 10. Rc1 c5 11. dxc5 Nxc5 12. Nd4 Nfe4 13. Nf5 Bf6 14. Nxe4 Nxe4 15. Bc7 Qe8 16. Bxe4 dxe4 17. Nd6 Qe6 18. Nxb7 Qxa2 19. Nd6 e3 20. fxe3 Qxb2 21. Ne4 Be7 22. Rc2 Qb3 23. Qd3 Qe6 24. Rd1 Rfe8 25. Qd5 Qh6 26. Bf4 Qg6 27. Rc6 Qg4 28. Nc3 Bc5 29. Qf3 Qf5 30. Kg2 Qc2 31. Rd3 Rad8 32. Rxd8 Rxd8 33. Ne4 h6 34. Be5 Rd1 35. Rc8+ Kh7 36. Qf5+ 1-0


[Site "https://www.chess.com"]

[Event "Titled Tuesday Blitz August 02 Early 2022"]
[White "Skliarov, Viktor"]
[Black "Sjugirov, Sanan"]
[WhiteFideId "14106736"]
[BlackFideId "4189302"]
[WhiteElo "2257"]
[BlackElo "2609"]
[Result "1-0"]
[Round "03"]
[TimeControl "180+1"]
[Date "2022.08.02"]
[WhiteClock "0:00:11"]
[BlackClock "0:00:02"]

1. e4 c5 2. Nf3 e6 3. c3 Nf6 4. Bd3 Nc6 5. Bc2 d5 6. e5 Nd7 7. d4 Be7 8. O-O b6 9. a3 a5 10. Re1 Ba6 11. Nbd2 g5 12. g4 h5 13. h3 Rc8 14. Nf1 hxg4 15. hxg4 Qc7 16. Bd3 Bxd3 17. Qxd3 c4 18. Qe2 Qd8 19. Ng3 Nf8 20. Nh5 Kd7 21. a4 Kc7 22. Rb1 Nd7 23. b3 cxb3 24. Rxb3 Kb7 25. Be3 Ka7 26. Reb1 Ncb8 27. Nd2 Qc7 28. Rc1 Qc6 29. Rb5 Na6 30. c4 dxc4 31. Rxc4 Qb7 32. f3 Nb4 33. Ne4 Nd5 34. Bxg5 Rxc4 35. Qxc4 Rc8 36. Qe2 Bf8 37. Kg2 Qc6 38. Nhf6 N7xf6 39. Nxf6 Nc3 40. Qe3 Nxb5 41. axb5 Qxb5 42. d5 exd5 43. e6 fxe6 44. Qxe6 Qc6 45. Qf7+ Qb7 46. Qe6 d4 47. Ne4 Bc5 48. Bd2 d3 49. g5 Qc6 50. Qf7+ Qc7 51. Qc4 Rh8 52. f4 Qc6 53. Kf3 Re8 54. Qxd3 Qb7 55. f5 Re5 56. Kf4 Rd5 57. Qc4 Rd4 58. Qc2 Bd6+ 59. Kf3 Be5 60. Be3 Rb4 61. Qd3 Qh7 62. f6 Qf5+ 63. Ke2 Rxe4 64. f7 Bf4 65. Qxe4 Qe5 66. Qxe5 1-0


[Site "https://www.chess.com"]

[Event "Titled Tuesday Blitz August 02 Early 2022"]
[White "Wagner, Dennis"]
[Black "Andreikin, Dmitry"]
[WhiteFideId "24650684"]
[BlackFideId "4158814"]
[WhiteElo "2355"]
[BlackElo "2736"]
[Result "0-1"]
[Round "03"]
[TimeControl "180+1"]
[Date "2022.08.02"]
[WhiteClock "0:00:04"]
[BlackClock "0:00:25"]

1. e4 c5 2. Nf3 e6 3. d4 cxd4 4. Nxd4 Nc6 5. Nc3 a6 6. Nxc6 bxc6 7. Bd3 d5 8. O-O Nf6 9. Qf3 Be7 10. Qg3 Nh5 11. Qg4 g6 12. e5 Bb7 13. Bh6 c5 14. b3 Bf8 15. Bxf8 Kxf8 16. Na4 Qc7 17. Rae1 Rc8 18. c4 d4 19. f4 Ng7 20. Qh4 Qe7 21. Qh6 Kg8 22. g4 Qf8 23. h4 Ne8 24. Qxf8+ Kxf8 25. f5 gxf5 26. gxf5 Rg8+ 27. Kh2 Rg2+ 28. Kh3 Rd2 29. Rd1 Bg2+ 30. Kg3 Rxd3+ 31. Kxg2 Rxd1 32. Rxd1 exf5 33. Kf3 Ng7 34. Kf4 Rc6 35. h5 Nxh5+ 36. Kxf5 Ng7+ 37. Ke4 Ne6 38. Rh1 Ke7 39. Kd5 Rc8 40. Rxh7 Rd8+ 41. Kc6 d3 42. Rh1 d2 43. Rd1 Nd4+ 44. Kxc5 Nc2 45. Nc3 Ne3 46. Rh1 d1=Q 47. Nxd1 Nxd1 48. Kb6 Nc3 49. Kxa6 Nxa2 50. c5 Rb8 51. Rh3 Nb4+ 52. Ka7 Nc6+ 53. Ka6 Nxe5 54. Re3 f6 55. Ka5 Kd7 56. Re4 Kc6 57. Rf4 Ra8+ 58. Kb4 Nd3+ 59. Kc4 Nxf4 60. b4 Rb8 61. b5+ Rxb5 0-1


[Site "https://www.chess.com"]

[Event "Titled Tuesday Blitz August 02 Early 2022"]
[White "Xiong, Jeffery"]
[Black "Tanenbaum, Zachary"]
[WhiteFideId "2047640"]
[BlackFideId "2060850"]
[WhiteElo "2714"]
[BlackElo "2175"]
[Result "1-0"]
[Round "03"]
[TimeControl "180+1"]
[Date "2022.08.02"]
[WhiteClock "0:00:20"]
[BlackClock "0:00:07"]

1. Nf3 d5 2. g3 Nf6 3. Bg2 c6 4. O-O Bf5 5. d3 Nbd7 6. c4 dxc4 7. dxc4 e5 8. Nc3 h6 9. a3 a5 10. b3 Be7 11. Bb2 Qc7 12. b4 axb4 13. axb4 Rxa1 14. Qxa1 Bxb4 15. Qa8+ Nb8 16. Na2 Bd6 17. c5 Bxc5 18. Bxe5 Bd6 19. Bxf6 gxf6 20. Qa4 O-O 21. Qh4 Kg7 22. Nc3 Nd7 23. Rd1 Ne5 24. Nd4 Bg6 25. Be4 Bc5 26. Nf5+ Bxf5 27. Bxf5 Rd8 28. Rb1 b5 29. Ne4 Be7 30. Qf4 Qb6 31. g4 Ng6 32. Qc1 c5 33. Ng3 Bf8 34. Bd3 Nh4 35. Qf4 Kg8 36. Qe4 Ng6 37. Rxb5 Qd6 38. Nh5 Qe7 39. Rb7 Qxe4 40. Nxf6+ Kg7 41. Nh5+ Kg8 42. Bxe4 c4 43. Bxg6 c3 44. Rxf7 Rd6 45. Nf6+ Rxf6 46. Rxf6 Kg7 47. Rc6 h5 48. Bc2 h4 49. h3 Kg8 50. Kg2 Bg7 51. Kf3 Bh8 52. Ke4 Kg7 53. Kf5 Kg8 54. Kg6 1-0


[Site "https://www.chess.com"]

[Event "Titled Tuesday Blitz August 02 Early 2022"]
[White "Alekseenko, Kirill"]
[Black "Nakamura, Hikaru"]
[WhiteFideId "4135539"]
[BlackFideId "2016192"]
[WhiteElo "2682"]
[BlackElo "2850"]
[Result "0-1"]
[Round "04"]
[TimeControl "180+1"]
[Date "2022.08.02"]
[WhiteClock "0:02:12"]
[BlackClock "0:02:18"]

1. e4 e5 2. Nf3 Nc6 3. Bb5 Nf6 4. O-O Nxe4 5. d4 Nd6 6. dxe5 Nxb5 7. a4 d6 8. e6 fxe6 9. axb5 Ne7 10. c4 Ng6 11. Nc3 Be7 12. Re1 O-O 13. Nd4 e5 14. Nc2 Be6 15. b3 Nh4 16. Nd5 c6 17. bxc6 bxc6 18. Nxe7+ Qxe7 19. c5 Qf6 20. Be3 Qg6 0-1


[Site "https://www.chess.com"]

[Event "Titled Tuesday Blitz August 02 Early 2022"]
[White "Alexiadis, Hristos"]
[Black "Rasulov, Vugar"]
[WhiteFideId "4249623"]
[BlackFideId "13402390"]
[WhiteElo "2416"]
[BlackElo "2523"]
[Result "1-0"]
[Round "04"]
[TimeControl "180+1"]
[Date "2022.08.02"]
[WhiteClock "0:00:17"]
[BlackClock "0:00:19"]

1. d4 d5 2. c4 c6 3. Nf3 Nf6 4. e3 e6 5. Nc3 Nbd7 6. Be2 Bd6 7. O-O O-O 8. Qc2 Re8 9. b3 Qe7 10. Bb2 b6 11. Rfe1 Bb7 12. Rad1 Rad8 13. e4 Nxe4 14. Nxe4 dxe4 15. Qxe4 Nf6 16. Qh4 Ba3 17. Ba1 Bb4 18. Rf1 c5 19. dxc5 Bxc5 20. Ne5 h6 21. Bf3 Rxd1 22. Rxd1 Rd8 23. Nd3 Bxf3 24. Bxf6 Qxf6 25. Qxf6 gxf6 26. gxf3 f5 27. Kf1 Kg7 28. Ke2 Bd6 29. Ne5 Bc7 30. Rxd8 Bxd8 31. Nc6 Bc7 32. Nxa7 Bxh2 33. Nb5 Kf6 34. b4 Ke7 35. a4 Kd7 36. a5 bxa5 37. bxa5 Kc6 38. a6 h5 39. a7 Kb7 40. c5 h4 41. c6+ Ka8 42. Kf1 h3 43. c7 Bxc7 44. Nxc7+ Kxa7 45. Ne8 Kb6 46. Nd6 f6 47. Ne8 Kc5 48. Nxf6 Kd4 49. Nh5 Kd5 50. Nf4+ Ke5 51. Nxh3 Kd4 52. Nf4 e5 53. Ne2+ Kd5 54. Ng3 Ke6 55. Ke2 Kf6 56. Nf1 Kg5 57. Nd2 Kf4 58. Nc4 e4 59. fxe4 Kxe4 60. Ne3 Kf4 61. Ng2+ Ke4 62. f3+ Kd4 63. Kf2 Ke5 64. Kg3 Kf6 65. Kf4 Kg6 66. Ne3 Kh5 67. Nxf5 Kg6 68. Ne3 Kh5 69. Ke4 Kg6 70. f4 Kf6 71. f5 Kf7 72. Kf4 Ke7 73. Ke5 Kf7 74. f6 Kf8 75. Ke6 Ke8 76. f7+ Kf8 77. Nd1 Kg7 78. Ke7 Kg6 79. f8=Q Kh5 80. Qg8 Kh4 81. Kf6 Kh3 82. Kf5 Kh2 83. Kf4 Kh1 84. Kf3 Kh2 85. Qg2# 1-0


[Site "https://www.chess.com"]

[Event "Titled Tuesday Blitz August 02 Early 2022"]
[White "Andreikin, Dmitry"]
[Black "Vasquez Schroeder, Rodrigo"]
[WhiteFideId "4158814"]
[BlackFideId "3400042"]
[WhiteElo "2736"]
[BlackElo "2567"]
[Result "1-0"]
[Round "04"]
[TimeControl "180+1"]
[Date "2022.08.02"]
[WhiteClock "0:02:30"]
[BlackClock "0:02:09"]

1. d4 d5 2. c4 c6 3. Nf3 Nf6 4. Qc2 dxc4 5. e4 b5 6. b3 cxb3 7. axb3 e6 8. Bd3 Bb7 9. O-O Nbd7 10. Bd2 a5 11. Rc1 Be7 12. Nc3 h6 13. e5 Nd5 14. Nxd5 exd5 15. e6 fxe6 16. Bg6+ Kf8 17. Re1 Kg8 18. Rxe6 Nf8 19. Ne5 Nxe6 20. Bf7+ Kf8 21. Bxe6 g5 22. Qg6 1-0


[Site "https://www.chess.com"]

[Event "Titled Tuesday Blitz August 02 Early 2022"]
[White "Aradhya, Garg"]
[Black "Clarke, Brandon G I"]
[WhiteFideId "25006746"]
[BlackFideId "400319"]
[WhiteElo "2203"]
[BlackElo "2414"]
[Result "1-0"]
[Round "04"]
[TimeControl "180+1"]
[Date "2022.08.02"]
[WhiteClock "0:00:56"]
[BlackClock "0:00:51"]

1. d4 e6 2. c4 f5 3. Nf3 Nf6 4. g3 Be7 5. Bg2 O-O 6. d5 d6 7. dxe6 Nc6 8. Nc3 Bxe6 9. Nd4 Nxd4 10. Qxd4 c6 11. O-O Nd7 12. Bf4 Qc7 13. Rfd1 Nb6 14. b3 Rad8 15. Rac1 g5 16. Bd2 Bf6 17. Qd3 Nd7 18. Nd5 Bxd5 19. cxd5 Nc5 20. Qc4 Kh8 21. Be3 f4 22. gxf4 gxf4 23. Bxf4 b5 24. Qxc5 Bb2 25. Qc2 Qg7 26. Rb1 Bd4 27. Bg3 h5 28. Rxd4 Qxd4 29. Qg6 Rd7 30. dxc6 Rg7 31. Qh6+ Kg8 32. Qe6+ Kh8 33. c7 Qc5 34. Qh6+ Kg8 35. Rc1 1-0


[Site "https://www.chess.com"]

[Event "Titled Tuesday Blitz August 02 Early 2022"]
[White "Bayo Milagro, Alvaro"]
[Black "Mardov, Dimitar"]
[WhiteFideId "22275240"]
[BlackFideId "30919495"]
[WhiteElo "2270"]
[BlackElo "2185"]
[Result "0-1"]
[Round "04"]
[TimeControl "180+1"]
[Date "2022.08.02"]
[WhiteClock "0:00:21"]
[BlackClock "0:00:36"]

1. d4 Nf6 2. Nf3 e6 3. c4 Bb4+ 4. Bd2 c5 5. Bxb4 cxb4 6. g3 O-O 7. Bg2 a5 8. O-O Na6 9. a3 d6 10. Qd3 Qe7 11. e4 e5 12. Nbd2 b6 13. Rfe1 Bb7 14. Rad1 Rfd8 15. Nh4 g6 16. f4 exf4 17. Nhf3 fxg3 18. hxg3 Ng4 19. Nf1 Nc7 20. Bh3 h5 21. d5 Ne8 22. Bxg4 hxg4 23. Nd4 Nf6 24. Rd2 Rac8 25. Rf2 Nd7 26. Ne3 Ne5 27. Qe2 Qg5 28. Rf4 bxa3 29. bxa3 Ba6 30. Nc6 Nxc6 31. dxc6 Rxc6 32. Nxg4 Bxc4 33. Qf2 Be6 34. Nf6+ Kg7 0-1


[Site "https://www.chess.com"]

[Event "Titled Tuesday Blitz August 02 Early 2022"]
[White "Bryakin, Mikhail"]
[Black "Kevlishvili, Robby"]
[WhiteFideId "4165314"]
[BlackFideId "1040634"]
[WhiteElo "2422"]
[BlackElo "2577"]
[Result "0-1"]
[Round "04"]
[TimeControl "180+1"]
[Date "2022.08.02"]
[WhiteClock "0:00:05"]
[BlackClock "0:00:19"]

1. e4 c5 2. d4 cxd4 3. Qxd4 Nc6 4. Qd3 g6 5. Nc3 Bg7 6. Nf3 d6 7. Be2 Bg4 8. O-O Nf6 9. Nd5 O-O 10. c3 Nd7 11. Bg5 h6 12. Bd2 Nde5 13. Nxe5 Nxe5 14. Qe3 e6 15. Nf4 Bxe2 16. Qxe2 Qb6 17. Be3 Qc6 18. f3 Qc4 19. Rfe1 Qxe2 20. Rxe2 Nc4 21. Rd1 Rfd8 22. Bf2 b5 23. Nd3 a5 24. Bd4 e5 25. Bf2 d5 26. b3 dxe4 27. fxe4 Na3 28. Red2 Rac8 29. Nc5 Rxd2 30. Rxd2 Bf8 31. b4 Nc4 32. Rd5 axb4 33. cxb4 Ra8 34. Nd7 Rxa2 35. h4 Bxb4 36. Nxe5 Nxe5 37. Rxe5 Ra1+ 38. Be1 Rxe1+ 39. Kf2 Rb1 0-1


[Site "https://www.chess.com"]

[Event "Titled Tuesday Blitz August 02 Early 2022"]
[White "Chigaev, Maksim"]
[Black "Skliarov, Viktor"]
[WhiteFideId "4108116"]
[BlackFideId "14106736"]
[WhiteElo "2438"]
[BlackElo "2257"]
[Result "1-0"]
[Round "04"]
[TimeControl "180+1"]
[Date "2022.08.02"]
[WhiteClock "0:00:26"]
[BlackClock "0:00:06"]

1. Nf3 g6 2. g3 Bg7 3. Bg2 Nf6 4. O-O O-O 5. d3 c5 6. e4 Nc6 7. Re1 d5 8. Nbd2 Bg4 9. h3 Bxf3 10. Bxf3 e6 11. Bg2 Rc8 12. h4 b5 13. exd5 exd5 14. Bh3 Rc7 15. Nf3 Re7 16. Rxe7 Qxe7 17. Kg2 Re8 18. c3 b4 19. Bf4 bxc3 20. bxc3 Nh5 21. Bg5 Bf6 22. Qa4 Qd6 23. Bg4 Ng7 24. Bf4 Ne5 25. d4 cxd4 26. cxd4 Qc6 27. Qxc6 Nxc6 28. Bd7 Nxd4 29. Bxe8 Nxf3 30. Rd1 Ne5 31. Bxe5 Bxe5 32. Rxd5 f6 33. Bb5 Nf5 34. Rd7 a5 35. Bc4+ Kh8 36. Bd3 Nd4 37. f4 1-0


[Site "https://www.chess.com"]

[Event "Titled Tuesday Blitz August 02 Early 2022"]
[White "Hakobyan, Aram"]
[Black "Gurel, Ediz"]
[WhiteFideId "13306677"]
[BlackFideId "44507356"]
[WhiteElo "2557"]
[BlackElo "1894"]
[Result "0-1"]
[Round "04"]
[TimeControl "180+1"]
[Date "2022.08.02"]
[WhiteClock "0:00:48"]
[BlackClock "0:00:22"]

1. e4 c5 2. Nf3 e6 3. d4 cxd4 4. Nxd4 Nc6 5. Nc3 Qc7 6. Be2 a6 7. O-O Nf6 8. Be3 Be7 9. f4 d6 10. Qe1 O-O 11. Kh1 Bd7 12. Qg3 Rac8 13. Rae1 b5 14. a3 Kh8 15. Bd3 g6 16. Nxc6 Bxc6 17. Bd4 Kg8 18. Re3 Nh5 19. Qe1 Nxf4 20. Rxf4 e5 21. Nd5 Bxd5 22. exd5 Bg5 23. Rff3 exd4 24. Re4 Be3 25. Qh4 Rce8 26. Rh3 h6 27. Rf3 Rxe4 28. Qxe4 Qd8 29. Qg4 Kg7 30. Rf1 Qe7 31. h3 h5 32. Qf3 f5 33. c3 dxc3 34. bxc3 f4 35. c4 bxc4 36. Bxc4 a5 37. Bd3 Qh4 38. Qe4 Qg5 39. Qe6 Qf6 40. Qe4 Bc5 41. Rxf4 Qa1+ 42. Kh2 Rxf4 43. Qxg6+ Kf8 44. Qh6+ Ke7 45. Qxf4 Qg1+ 46. Kg3 Qe1+ 47. Kf3 Qf2+ 48. Ke4 Qd4+ 49. Kf5 Qxd3+ 50. Qe4+ Qxe4+ 51. Kxe4 Kf6 52. Kf4 Bxa3 53. g4 hxg4 54. hxg4 Bc1+ 55. Ke4 Kg5 56. Kd3 Kxg4 57. Kc2 Ba3 58. Kb3 Bc5 59. Ka4 Kf5 60. Kxa5 Ke5 61. Kb5 Kxd5 62. Ka4 Kc4 63. Ka5 d5 64. Ka6 d4 65. Kb7 d3 66. Kc6 d2 67. Kd7 d1=Q+ 68. Kc6 Qd6+ 69. Kb7 Qd7+ 70. Ka6 Qa7# 0-1


[Site "https://www.chess.com"]

[Event "Titled Tuesday Blitz August 02 Early 2022"]
[White "Harmon-Vellotti, Luke"]
[Black "Concio, Michael Jr."]
[WhiteFideId "2030012"]
[BlackFideId "5217873"]
[WhiteElo "2354"]
[BlackElo "1896"]
[Result "1/2-1/2"]
[Round "04"]
[TimeControl "180+1"]
[Date "2022.08.02"]
[WhiteClock "0:00:48"]
[BlackClock "0:00:06"]

1. e4 e5 2. Nf3 Nc6 3. Bb5 a6 4. Ba4 Nf6 5. O-O b5 6. Bb3 Bc5 7. Nxe5 Nxe5 8. d4 d6 9. dxe5 dxe5 10. Qxd8+ Kxd8 11. Bxf7 Rf8 12. Bb3 Nxe4 13. Rd1+ Ke8 14. Be3 Bxe3 15. fxe3 Bg4 16. Rd5 Rf5 17. Nd2 Nxd2 18. Rxd2 Rd8 19. Rxd8+ Kxd8 20. h3 Bh5 21. g4 Rg5 22. Kf2 Be8 23. Rd1+ Ke7 24. Bd5 Rg6 25. Be4 Rf6+ 26. Kg3 h6 27. c3 Rd6 28. Rxd6 Kxd6 29. Kf3 Bf7 30. a3 a5 31. Bd3 c6 32. Be2 g5 33. Kg3 a4 34. h4 Kc5 35. hxg5 hxg5 36. Kf2 Bc4 37. Bd1 Bd3 38. Ke1 Be4 39. Kd2 Bd5 40. Be2 Be4 41. Bd1 Bd5 42. Be2 Be4 43. Bd1 1/2-1/2


[Site "https://www.chess.com"]

[Event "Titled Tuesday Blitz August 02 Early 2022"]
[White "Harsha Bharathakoti"]
[Black "Ezat, Mohamed"]
[WhiteFideId "5078776"]
[BlackFideId "10600906"]
[WhiteElo "2575"]
[BlackElo "2386"]
[Result "1-0"]
[Round "04"]
[TimeControl "180+1"]
[Date "2022.08.02"]
[WhiteClock "0:01:28"]
[BlackClock "0:00:24"]

1. c4 Nf6 2. Nc3 g6 3. e4 d6 4. d4 Bg7 5. f3 O-O 6. Nge2 Nc6 7. Be3 a6 8. Rc1 Bd7 9. Qd2 Rb8 10. Ng3 e5 11. d5 Nd4 12. Nge2 c5 13. dxc6 bxc6 14. Nxd4 exd4 15. Bxd4 Re8 16. Be2 d5 17. cxd5 Rb4 18. Bc5 Nxe4 19. fxe4 Bxc3 20. Rxc3 Rbxe4 21. Re3 Rxe3 22. Bxe3 Qh4+ 23. Bf2 Qe4 24. Kf1 cxd5 25. Bd3 Bb5 26. Bxb5 axb5 27. h4 Qb1+ 28. Be1 Qf5+ 29. Kg1 Qg4 30. Bf2 d4 31. Rh3 Re4 32. Rg3 Qxh4 33. Rxg6+ 1-0


[Site "https://www.chess.com"]

[Event "Titled Tuesday Blitz August 02 Early 2022"]
[White "Hosseinzadeh, Nima"]
[Black "Le, Tuan Minh"]
[WhiteFideId "12505323"]
[BlackFideId "12401153"]
[WhiteElo "2066"]
[BlackElo "2530"]
[Result "0-1"]
[Round "04"]
[TimeControl "180+1"]
[Date "2022.08.02"]
[WhiteClock "0:00:04"]
[BlackClock "0:00:21"]

1. e4 c5 2. Nf3 Nf6 3. e5 Nd5 4. Nc3 e6 5. Ne4 f5 6. Nc3 Ne7 7. g3 Nbc6 8. Bg2 a6 9. O-O Ng6 10. Re1 Be7 11. h4 Qc7 12. d4 cxd4 13. Nxd4 O-O 14. Nxc6 bxc6 15. Qe2 Nh8 16. Bg5 Bxg5 17. hxg5 f4 18. gxf4 Ng6 19. Qe3 Nxf4 20. Rad1 Rb8 21. Be4 Rxb2 22. Rd4 Qd8 23. Qg3 Qxg5 24. Qxg5 Nh3+ 25. Kg2 Nxg5 26. f4 c5 27. Ra4 Nxe4 28. Nxe4 Rxc2+ 29. Kg3 Bb7 30. Nd6 Bc6 31. Rxa6 Rg2+ 32. Kh3 Rf2 33. Rxc6 dxc6 34. Rc1 R8xf4 35. Rxc5 h5 36. Rxc6 g5 37. Rc8+ Kg7 38. Re8 R4f3# 0-1


[Site "https://www.chess.com"]